AoeStats
← yangyong

Fortress

508863077Analyzed
4v4 RM · 9d ago on Sep 24, 2026· 57m 46s· 8 players
Game mode
Random Map
Map size
Huge
Population
200
Speed
Normal
Resources
Standard
Victory
Conquest
Starting age
Dark Age
Ending age
Imperial Age
RankedLock teamsTeams togetherTeam positionsShared explorationLock speedFull tech treeHidden civsTurbo modeCheats
Victory
Defeat
🇬🇪 Magyars · Georgia
1345
+13
🇨🇳 Varangians · China
1343
+13
🇫🇷 Poles · France
1310
+15
🇫🇷 Ethiopians · France
1285
+16
🇨🇳 Danes · China
1312
-15
🇭🇰 Vietnamese · Hong Kong SAR China
1288
-15
🇨🇳 Britons · China
1287
-14
🇨🇳 Romans · China
1246
-13
Jso
7:35 Feudal Age
11:14 Castle Age
9:30 Double-Bit Axe
9:52 Horse Collar
10:58 Loom
12:16 Bow Saw
13:58 Heavy Plow
17:38 Wheelbarrow
20:09 Scale Barding Armor
21:20 Chain Barding Armor
20:52 Pikeman
31:29 Husbandry
33:04 Hand Cart
34:45 Forging
35:06 Gold Mining
36:58 Iron Casting
36:35 Bloodlines
40:18 Imperial Age
38:25 Town Watch
38:48 Scale Mail Armor
39:14 Caravan
40:24 Elite Battle Elephant
42:13 Two-Man Saw
42:35 Plate Barding Armor
44:59 Stone Mining
47:04 Crop Rotation
46:29 Elite Skirmisher
47:11 Padded Archer Armor
47:02 Fletching
47:29 Fortified Wall
48:09 Imperial Skirmisher
49:14 Leather Archer Armor
50:47 Bodkin Arrow
51:30 Ring Archer Armor
51:55 Bracer
52:57 Chemistry
54:23 Stone Shaft Mining
55:47 Chatras
56:08 Paper Money
老头
7:37 Feudal Age
12:09 Castle Age
10:01 Double-Bit Axe
10:35 Horse Collar
10:51 Gold Mining
12:35 Loom
13:48 Bow Saw
20:06 Wheelbarrow
19:52 Fletching
21:08 Hand Cart
21:18 Bodkin Arrow
21:59 Padded Archer Armor
23:38 Leather Archer Armor
24:38 Ballistics
28:40 Imperial Age
27:18 Coinage
27:26 Gold Shaft Mining
28:41 Stone Mining
28:55 Elite Longbowman
32:45 Bracer
33:15 Ring Archer Armor
39:53 Pikeman
40:34 Squires
40:19 Gambesons
40:21 Arson
40:42 Scale Mail Armor
40:52 Forging
41:36 Yeomen
41:08 Halberdier
43:42 Two-Man Saw
42:53 Man-at-Arms
45:03 Long Swordsman
48:04 Conscription
48:51 Chain Mail Armor
49:11 Iron Casting
48:24 Long Swordsman
49:37 Two-Handed Swordsman
57:25 Champion
MyGO.Soyo
8:15 Feudal Age
11:14 Wheelbarrow
10:25 Loom
10:43 Double-Bit Axe
10:47 Horse Collar
13:55 Castle Age
13:14 Gold Mining
13:15 Stone Mining
15:12 Bow Saw
15:04 Heavy Plow
17:13 Hand Cart
29:19 Imperial Age
27:49 Gold Shaft Mining
28:43 Ballistas
28:55 Scale Mail Armor
29:06 Forging
28:32 Pikeman
29:13 Squires
30:12 Chain Mail Armor
30:25 Conscription
29:39 Heavy Scorpion
29:40 Capped Ram
30:13 Halberdier
32:33 Chemistry
31:54 Ballistics
32:07 Siege Engineers
34:08 Iron Casting
33:42 Siege Ram
42:20 Fortified Wall
42:33 Caravan
56:08 Blast Furnace
yangyong
7:26 Feudal Age
8:37 Double-Bit Axe
11:35 Castle Age
10:03 Horse Collar
14:02 Bow Saw
17:03 Heavy Plow
19:31 Wheelbarrow
20:32 Pikeman
21:12 Squires
20:58 Arson
25:56 Imperial Age
24:02 Scale Mail Armor
25:12 Chain Mail Armor
25:09 Forging
24:45 Gambesons
24:48 Loom
25:20 Hand Cart
26:15 Fletching
26:47 Ballistics
27:44 Bodkin Arrow
28:51 Chemistry
28:43 Conscription
28:10 Elite Skirmisher
28:56 Bracer
29:22 Padded Archer Armor
29:48 Gold Mining
29:48 Stone Mining
30:53 Leather Archer Armor
30:20 Heavy Mounted Crossbowman
30:21 Cranequins
32:17 Ring Archer Armor
31:41 Halberdier
33:02 Plate Mail Armor
33:42 Iron Casting
33:35 Imperial Skirmisher
33:49 Elite Varangian Guard
36:03 Town Watch
37:20 Blast Furnace
37:41 Thumb Ring
39:45 Bloodlines
39:35 Husbandry
38:56 Light Cavalry
39:43 Scale Barding Armor
45:46 Gold Shaft Mining
47:16 Murder Holes
50:05 Onager
Uethatzuia
8:42 Feudal Age
12:44 Castle Age
10:59 Scale Mail Armor
11:15 Forging
11:39 Double-Bit Axe
11:38 Horse Collar
15:49 Loom
18:16 Wheelbarrow
20:06 Bow Saw
22:16 Hand Cart
33:49 Imperial Age
36:38 Halberdier
36:53 Crossbowman
38:12 Iron Casting
37:27 Fletching
37:37 Padded Archer Armor
37:43 Arbalester
40:18 Thumb Ring
40:15 Bodkin Arrow
40:36 Leather Archer Armor
41:36 Elite Skirmisher
44:16 Conscription
46:43 Two-Man Saw
45:55 Bracer
47:54 Heavy Plow
49:17 Ring Archer Armor
49:48 Blast Furnace
49:03 Chain Mail Armor
49:49 Caravan
51:39 Capped Ram
58:16 Squires
ToRrGalL
5:19 Loom
8:11 Feudal Age
9:59 Horse Collar
10:06 Double-Bit Axe
13:18 Castle Age
14:05 Forging
14:00 Scale Barding Armor
14:18 Heavy Plow
14:26 Szlachta Privileges
15:12 Bow Saw
15:14 Bloodlines
15:39 Husbandry
22:49 Wheelbarrow
23:06 Chain Barding Armor
23:23 Iron Casting
25:43 Town Watch
26:14 Hand Cart
25:54 Gold Mining
32:21 Imperial Age
32:37 Stone Mining
32:45 Cavalier
34:33 Conscription
35:36 Stone Shaft Mining
35:48 Caravan
37:34 Light Cavalry
38:39 Lechitic Legacy
40:17 Blast Furnace
38:44 Winged Hussar
46:59 Crop Rotation
47:52 Fletching
49:48 Treadmill Crane
50:14 Siege Engineers
50:07 Murder Holes
50:23 Fortified Wall
50:24 Masonry
58:32 Chemistry
57:52 Ballistics
Pawo
7:16 Feudal Age
11:00 Castle Age
9:37 Double-Bit Axe
9:44 Horse Collar
12:48 Bow Saw
16:26 Loom
18:39 Wheelbarrow
18:47 Heavy Plow
19:23 Gold Mining
20:12 Hand Cart
21:14 Stone Mining
22:31 Gold Shaft Mining
23:15 Thumb Ring
23:11 Husbandry
23:21 Bloodlines
23:31 Bloodlines
27:47 Imperial Age
26:15 Fletching
26:29 Padded Archer Armor
27:10 Ballistics
26:31 Treadmill Crane
27:01 Masonry
27:56 Bodkin Arrow
28:16 Leather Archer Armor
28:15 Heavy Cavalry Archer
29:22 Parthian Tactics
29:00 Bracer
30:02 Chemistry
30:07 Ring Archer Armor
29:59 Corvinian Army
30:46 Conscription
30:41 Scale Barding Armor
31:20 Hoardings
30:53 Town Watch
30:50 Elite Magyar Huszar
33:55 Recurve Bow
34:55 Chain Barding Armor
36:24 Two-Man Saw
35:57 Crop Rotation
36:13 Plate Barding Armor
35:35 Murder Holes
44:48 Caravan
57:33 Scale Mail Armor
57:40 Siege Engineers
車
8:16 Feudal Age
12:26 Castle Age
10:25 Double-Bit Axe
10:47 Horse Collar
14:36 Bow Saw
15:20 Heavy Plow
19:22 Gold Mining
19:23 Stone Mining
21:29 Loom
26:33 Imperial Age
24:41 Wheelbarrow
25:15 Stone Shaft Mining
25:30 Caravan
26:27 Scale Barding Armor
26:33 Forging
27:09 Bloodlines
26:59 Husbandry
26:43 Gothikon
27:27 Scale Mail Armor
27:51 Chain Barding Armor
27:28 Cavalier
28:45 Masonry
28:23 Vendel Legacy
31:38 Plate Barding Armor
31:42 Iron Casting
32:19 Iron Casting
33:04 Plate Barding Armor
35:40 Blast Furnace
41:29 Hand Cart
47:58 Crop Rotation
50:23 Two-Man Saw
49:38 Capped Ram
50:40 Siege Ram
52:09 Light Cavalry
52:41 Light Cavalry
53:29 Hussar
54:55 Coinage
54:36 Guilds
58:35 Banking
Connection lost

Rejoining the realm…

Still unreachable

The connection could not be restored.

Session expired

The server has moved on; the page needs a fresh start.